 Dungeon Crawl Stone Soup version 0.29.1-2-gbd0b4ee654 (webtiles) character file.

Game seed: 7205453850751393092

44 Firos the Trooper (level 3, -8/27 (33) HPs)
             Began as a Hill Orc Monk on Nov 7, 2022.
             Mangled by Terence
             ... wielding the +7 Throatcutter {drain, coup de grace}
              (11 damage)
             ... on level 2 of the Dungeon.
             The game lasted 00:01:31 (1314 turns).

Firos the Trooper (Hill Orc Monk)                   Turns: 1314, Time: 00:01:31

HP:   -8/27 (33)    AC:  2    Str: 15    XL:     3   Next: 60%
MP:   3/3           EV: 12    Int: 10    God:
Gold: 72            SH:  0    Dex: 13    Spells: 2/2 levels left

rFire   . . .      SeeInvis .   a - +0 spear
rCold   . . .      Faith    .   (no shield)
rNeg    . . .      Spirit   .   b - +0 robe
rPois   .          Reflect  .   (no helmet)
rElec   .          Harm     .   (no cloak)
rCorr   .          Rampage  .   (no gloves)
Will    .....                   (no boots)
Stlth   ++........              (no amulet)
HPRegen 0.09/turn               (no ring)
MPRegen 0.08/turn               (no ring)

@: hasted, heavily drained, very quick
A: no striking features
a: no special abilities


You were on level 2 of the Dungeon.
You visited 1 branch of the dungeon, and saw 2 of its levels.

You collected 72 gold pieces.

Inventory:

Hand Weapons
 a - a +0 spear (weapon)
Armour
 b - a +0 robe (worn)
Scrolls
 d - a scroll of vulnerability {unknown}
 e - 2 scrolls of identify {unknown}
 i - a scroll of amnesia {unknown}
Potions
 c - a potion of ambrosia
 g - a potion of berserk rage {unknown}
 h - a potion of brilliance {unknown}
 j - a potion of curing {unknown}


   Skills:
 + Level 4.1 Fighting
 * Level 4.0 Polearms
 + Level 1.0 Armour
 - Level 2.5 Dodging
 - Level 1.8 Stealth


You had 2 spell levels left.
You didn't know any spells.
Your spell library contained the following spells:

 Spells                   Type           Power      Damage    Failure   Level
 Sting                    Tmut/Pois      0%         1d3       36%         1
 Poisonous Vapours        Pois/Air       0%         N/A       50%         2
 Olgreb's Toxic Radiance  Pois           0%         N/A       98%         4


Dungeon Overview and Level Annotations

Branches:
Dungeon (2/15)

Altars:

Annotations:
D:2 Terence


Message History

The bat misses you.
You closely miss the bat. You punch the bat.
You kill the bat!
No target in view!
No target in view!
You see here a ball python corpse.
Terence the Incautious comes into view.
He is wielding the +7 Throatcutter {drain, coup de grace}.
Terence shouts!
Terence is nearby!
You hit Terence.
Terence is moderately wounded.
Terence says, "Rest in peace."
Terence barely misses you.
You hit Terence.
Terence is moderately wounded.
Terence misses you.
You hit Terence.
Terence is heavily wounded.
You hit Terence but do no damage.
Terence is heavily wounded.
Terence hits you with the +7 Throatcutter {drain, coup de grace}.
You feel drained.
You closely miss Terence.
Terence is heavily wounded.
Terence hits you with the +7 Throatcutter {drain, coup de grace}!
You feel drained.
It was a potion of haste.
You feel yourself speed up.
Terence hits you with the +7 Throatcutter {drain, coup de grace}.
* * * LOW HITPOINT WARNING * * *
You feel drained.
* * * LOW HITPOINT WARNING * * *
You hit Terence.
Terence is severely wounded.
Terence barely misses you.
You hit Terence but do no damage.
Terence is severely wounded.
You hit Terence.
Terence is almost dead.
Terence hits you with the +7 Throatcutter {drain, coup de grace}!
You die...

...###.†..#....##. ...
......)...#..### #.. ..
...###.####.)####... ...
#....#.............##...
####.#.####.†#####......
#.#.# #..###.....##.
#.#.# #.............
##.#.# ##.........##.
#..<.# #####@.......
#............@.....###
#..##########..#.###
....# #..#.# ###..#
#..#.# #..# #..# # #...
#..# #.# ....


You could see Terence.

Vanquished Creatures
  2 dart slugs (D:1)
  3 bats
  2 endoplasms (D:1)
  4 giant cockroaches
  3 hobgoblins (D:1)
  2 jackals (D:1)
  4 kobolds (D:1)
  2 quokkas
  2 ball pythons
  A frilled lizard (D:1)
  5 goblins
  4 rats (D:1)
34 creatures vanquished.

Notes
Turn   | Place    | Note
-------+----------+-------------------------------------------
     0 | D:1      | Firos the Hill Orc Monk began the quest for the Orb.
     0 | D:1      | Reached XP level 1. HP: 19/19 MP: 1/1
   274 | D:1      | Reached XP level 2. HP: 25/27 MP: 2/2
   666 | D:1      | Reached XP level 3. HP: 29/33 MP: 3/3
  1166 | D:1      | Found a faded altar of an unknown god.
  1223 | D:2      | Reached skill level 1 in Armour
  1305 | D:2      | Noticed Terence
  1314 | D:2      | Mangled by Terence

Illustrated notes

Levels and vault maps discovered:
D:1:      lemuel_arrival_hallway, layout_basic,
          dilly_ecumenical_altar_fadedgnrine, kennysheep_another_room
D:2:      layout_loops_ring, uniq_terence

Skill      XL: |  1  2  3 |
---------------+----------+-----
Fighting       | 4 |  4.1
Polearms       | 4 |  4.0
Armour         | 1 |  1.0
Dodging        | |  2.5
Stealth        | |  1.8

Action                   || total
-------------------------++-------
Melee: Spear             ||   133
       Punch             ||     2
  Use: Potion            ||     1
 Stab: Sleeping          ||     2
Armor: Robe              ||    22
Dodge: Dodged            ||    69
